 Dungeon Crawl Stone Soup version 0.30.0 (webtiles) character file.

Game seed: 8268682172965040719

24924 trev101 the Carver (level 13, -8/103 HPs)
             Began as a Merfolk Gladiator on Jan 17, 2024.
             Was a High Priest of Okawaru.
             Killed from afar by a merfolk aquamancer (19 damage)
             ... with a shard of ice
             ... on level 1 of the Shoals.
             The game lasted 01:10:22 (13176 turns).

trev101 the Carver (Merfolk Gladiator)             Turns: 13176, Time: 01:10:24

Health: -8/103     AC: 13    Str: 18    XL:     13   Next: 16%
Magic:  14/14      EV: 13    Int:  9    God:    Okawaru [*****.]
Gold:   502        SH:  4    Dex: 24    Spells: 12/12 levels left

rFire   + . .        g - +9 falchion of Muylyl {freeze, rElec rF+ rN+}
rCold   + . .        (no shield)
rNeg    + . .        B - +2 chain mail
rPois   .            (helmet restricted)
rElec   +            (no cloak)
rCorr   .            h - +2 pair of gloves of the Other Side {Dex+3}
SInv    .            n - +0 pair of boots
Will    +....        s - amulet of faith
Stlth   ++           a - +6 ring of dexterity
HPRegen 0.37/turn    z - ring of willpower
MPRegen 0.14/turn

%: faith
@: about to teleport, slowed, very slow
A: (nimble swimmer 2), mertail, horns 1, large bone plates 1, cold resistance 1,
deformed body
a: Renounce Religion, Heroism, Finesse, Duel


You were on level 1 of the Shoals.
You worshipped Okawaru.
Okawaru was extremely pleased with you.
You visited 3 branches of the dungeon, and saw 14 of its levels.

You collected 874 gold pieces.
You spent 372 gold pieces at shops.

Inventory:

Hand Weapons
 g - the +9 falchion of Muylyl (weapon) {freeze, rElec rF+ rN+}
   (You found it on level 3 of the Dungeon)

   rF:        It protects you from fire.
   rElec:     It insulates you from electricity.
   rN:        It protects you from negative energy.
Missiles
 i - 2 boomerangs
 u - 6 javelins (quivered)
Armour
 h - the +2 pair of gloves of the Other Side (worn) {Dex+3}
   (Okawaru gifted it to you on level 1 of the Lair of Beasts)

   Dex:       It affects your dexterity (+3).
 n - a +0 pair of boots (worn)
 t - a +2 pair of gloves of stealth
 B - a +2 chain mail (worn)
Jewellery
 a - a +6 ring of dexterity (left hand)
 s - an amulet of faith (around neck)
 z - a ring of willpower (right hand)
 G - a ring of poison resistance
Wands
 p - a wand of digging (2)
Scrolls
 c - 2 scrolls of enchant weapon
 d - a scroll of identify
 j - 2 scrolls of teleportation
 k - a scroll of fear
Potions
 b - 2 potions of attraction
 e - 2 potions of curing
 f - a potion of magic
 l - 3 potions of brilliance
 m - a potion of haste
 o - 2 potions of lignification
 q - a potion of might
 r - a potion of cancellation {unknown}
 v - a potion of flight
 A - 2 potions of berserk rage
 E - a potion of invisibility


   Skills:
 + Level 10.2 Fighting
 + Level 14.9 Long Blades
 + Level 2.6 Throwing
 + Level 8.6 Armour
 + Level 8.6 Dodging
 + Level 9.3 Stealth
 + Level 1.1 Shields
 + Level 2.4 Invocations
 + Level 4.5 Evocations


You had 12 spell levels left.
You didn't know any spells.
Your spell library contained the following spells:

 Spells                   Type           Power      Damage    Failure   Level
 Beastly Appendage        Tmut           0%         N/A       96%         1
 Kiss of Death            Conj/Necr      0%         2d5       96%         1
 Wereblood                Tmut           0%         N/A       99%         2
 Confusing Touch          Hex            0%         N/A       100%        3
 Gell's Gravitas          Tloc           0%         N/A       100%        3
 Ignite Poison            Fire/Tmut/Pois 0%         N/A       100%        3
 Portal Projectile        Hex/Tloc       0%         N/A       100%        3
 Spider Form              Tmut/Pois      0%         N/A       100%        3
 Teleport Other           Tloc           0%         N/A       100%        3
 Dispel Undead            Necr           0%         3d6       100%        4
 Sticky Flame             Conj/Fire      0%         2d3       100%        4
 Blade Hands              Tmut           0%         N/A       100%        5
 Dispersal                Tloc           0%         N/A       100%        6
 Ignition                 Fire           0%         3d3       100%        8
 Tukima's Dance           Hex            Unusable   N/A       N/A         3

Dungeon Overview and Level Annotations

Branches:
Dungeon (10/15)            Temple (0/1) D:6            Lair (2/5) D:10
 Shoals (2/4) Lair:2        Snake (0/4) Lair:2          Orc (0/2) D:9

Altars:
Cheibriados
Elyvilon
Fedhas
Hepliaklqana
Kikubaaqudgha
Makhleb
Nemelex Xobeh
Okawaru
Qazlal
Trog
Vehumet
Yredelemnul
Zin

Shops:
D:9 =?(

Annotations:
D:9 exclusion: orange crystal statue
Shoals:1 Josephine


Innate Abilities, Weirdness & Mutations

((You are very nimble when in or above water. (Stealth+, EV+, Speed+++)))
Your lower body shifts to a powerful aquatic tail in water.
You have a pair of small horns on your head.
You are partially covered in large bone plates. (SH +4)
Your flesh is cold resistant. (rC+)
Armour fits poorly on your strangely shaped body.


Message History

You feel extremely sick. The sea snake bites you.
The sea snake barely misses you.
You feel extremely sick. The sea snake bites you!
You feel very sick. The sea snake closely misses you.
You feel very sick. The sea snake barely misses you.
You feel very sick. You block the sea snake's attack.
You feel better. The sea snake closely misses you. The sea snake bites you!
* * * LOW HITPOINT WARNING * * *
As you read the scroll of teleportation, it crumbles to dust.
You feel strangely unstable. The sea snake barely misses you.
You slash the sea snake!
The sea snake seems to slow down.
You freeze the sea snake!
The sea snake is moderately wounded.
You slash the sea snake! You freeze the sea snake.
Your headbutt misses the sea snake.
The sea snake is heavily wounded.
The sea snake bites you but does no damage.
You hit the sea snake.
The sea snake seems to slow down.
You freeze the sea snake.
The sea snake is heavily wounded.
You hit the sea snake.
The sea snake seems to slow down.
You freeze the sea snake. You headbutt the sea snake.
The sea snake is severely wounded.
Your surroundings suddenly seem different.
A merfolk aquamancer, 3 merfolk impalers, Josephine and 5 wraiths come into view.
A merfolk impaler is wielding a +0 heavy trident.
The merfolk aquamancer is wielding a +0 rapier of electrocution.
A merfolk impaler is wielding a +2 trident of flaming.
Josephine is wielding a +0 dagger and wearing a +1 robe of cold resistance.
Found a potion of flight.
You block the wraith's attack. The wraith hits you.
* * * LOW HITPOINT WARNING * * *
The wraith drains your vigour!
You feel yourself slow down.
As you read the scroll of teleportation, it crumbles to dust.
You feel strangely unstable.
The merfolk impaler shouts! x2; You hear a shout!
The merfolk impaler shouts!
The merfolk aquamancer shouts!
You hear a shout!
The merfolk aquamancer points at you and mumbles some strange words.
The shard of ice hits you!! You partially resist.
You die...

#...~~.....#
~~~.....####
~~~~...## ~~~....
~~~..## #### ~~... #
#m≈# ~~... #m #mm#
#..#..#..#
#....W.@W# ~~~~...
#.....@WW#
~~~.........####....
~~~....... .!.W...
~~~~.....# ..~#...~~
~.~~.....#
#####...~~
~~~~...~~~ ..~~
.~~~...~~~ ..~~
..~...~≈≈≈


You could see 3 merfolk impalers, Josephine (wandering), a merfolk aquamancer
and 5 wraiths.

Vanquished Creatures
  A spark wasp (Lair:2)
  A merfolk impaler (Shoals:1)
  A boulder beetle (D:9)
  3 two-headed ogres
  The ghost of frustrationSimulator the Thaumaturge, a journeyman SpCj of Vehumet (Lair:1)
  A skyshark (Shoals:1)
  A lindwurm (Lair:2)
  A salamander (D:9)
  9 elephants
  A water nymph (D:9)
  5 black mambas (Lair:2)
  2 cane toads (Lair:1)
  4 komodo dragons
  A rime drake (D:10)
  A troll (D:10)
  A hornet (D:9)
  A merfolk (Shoals:1)
  A polar bear (D:10)
  Grinder (D:5)
  10 blink frogs (Lair:1)
  A water elemental (Shoals:1)
  A shadow (D:9)
  A wraith (D:9)
  22 yaks
  2 wyverns
  A steam dragon (D:9)
  11 water moccasins
  2 orc warriors (D:9)
  2 sky beasts
  3 ice beasts
  7 wolves
  6 centaurs
  2 phantoms
  3 kobold brigands
  Blork the orc (D:4)
  A gnoll sergeant (D:7)
  8 bullfrogs
  A scorpion (D:6)
  12 killer bees
  A howler monkey (D:9)
  7 electric eels
  A hound (D:5)
  5 orc priests
  A jelly (D:5)
  5 iguanas
  8 orc wizards
  4 hell rats (Lair:1)
  5 gnolls
  4 adders
  7 river rats (Lair:1)
  A shadow imp (D:5)
  A white imp (D:5)
  An ufetubus (D:5)
  A worm (D:3)
  5 dart slugs
  33 orcs
  10 ball pythons
  7 bats
  7 endoplasms
  4 giant cockroaches
  5 goblins
  9 hobgoblins
  9 jackals
  17 kobolds
  4 quokkas
  4 frilled lizards
  4 rats
  A spectral goblin (D:4)
305 creatures vanquished.

Vanquished Creatures (others)
  6 fungi
  33 plants
39 creatures vanquished.

Grand Total: 344 creatures vanquished

Notes
Turn   | Place    | Note
-------+----------+-------------------------------------------
     0 | D:1      | trev101 the Merfolk Gladiator began the quest for the Orb.
     0 | D:1      | Reached XP level 1. HP: 16/16 MP: 1/1
    62 | D:1      | Reached XP level 2. HP: 18/22 MP: 2/2
   135 | D:1      | Reached skill level 4 in Long Blades
   483 | D:1      | Reached XP level 3. HP: 27/28 MP: 3/3
   795 | D:2      | Reached skill level 1 in Armour
   973 | D:2      | Reached XP level 4. HP: 34/34 MP: 4/4
  1395 | D:3      | Identified the +9 falchion of Muylyl {freeze, rElec rF+
                  | rN+}
  1398 | D:3      | Reached skill level 5 in Long Blades
  1402 | D:3      | Reached XP level 5. HP: 29/39 MP: 5/5
  1452 | D:3      | Found a snail-covered altar of Cheibriados.
  1639 | D:3      | Reached skill level 1 in Stealth
  1683 | D:3      | Found a radiant altar of Vehumet.
  1838 | D:3      | Found a blossoming altar of Fedhas.
  2110 | D:4      | Reached skill level 5 in Dodging
  2122 | D:4      | Noticed Blork the orc
  2149 | D:4      | Killed Blork the orc
  2367 | D:4      | Reached XP level 6. HP: 47/47 MP: 6/6
  2406 | D:4      | Noticed an ice beast
  2410 | D:4      | Killed an ice beast
  2411 | D:4      | Reached skill level 6 in Long Blades
  2677 | D:4      | Reached XP level 7. HP: 7/52 MP: 7/7
  2987 | D:4      | Found a hazy altar of Hepliaklqana.
  3079 | D:5      | Entered Level 5 of the Dungeon
  3127 | D:5      | Reached skill level 7 in Long Blades
  3170 | D:5      | Noticed Grinder
  3174 | D:5      | Killed Grinder
  3315 | D:5      | Reached XP level 8. HP: 44/60 MP: 8/8
  3566 | D:5      | Found a sparkling altar of Nemelex Xobeh.
  3788 | D:6      | Reached skill level 8 in Long Blades
  3853 | D:6      | Found a staircase to the Ecumenical Temple.
  3923 | D:6      | Found a bloodstained altar of Trog.
  3928 | D:6      | Found an ancient bone altar of Kikubaaqudgha.
  4009 | D:6      | Identified the +2 mace of Defilement {vamp, *Rage rF+
                  | Dex+3}
  4083 | D:6      | Noticed a two-headed ogre
  4096 | D:6      | Killed a two-headed ogre
  4097 | D:6      | Reached skill level 9 in Long Blades
  4097 | D:6      | Reached skill level 5 in Stealth
  4097 | D:6      | Reached XP level 9. HP: 66/66 MP: 9/9
  4109 | D:6      | Reached skill level 1 in Evocations
  4333 | D:6      | Identified the +1 hand axe "Jytakkaq" {freeze, *Slow rCorr
                  | Str+4}
  4535 | D:7      | Reached skill level 10 in Long Blades
  4582 | D:7      | Found a glowing silver altar of Zin.
  4590 | D:7      | Found an iron altar of Okawaru.
  4590 | D:7      | Found a stormy altar of Qazlal.
  4592 | D:7      | Found a burning altar of Makhleb.
  4597 | D:7      | Found a white marble altar of Elyvilon.
  4606 | D:7      | Found a basalt altar of Yredelemnul.
  4630 | D:7      | Became a worshipper of Warmaster Okawaru
  4883 | D:7      | Reached skill level 5 in Fighting
  5069 | D:7      | Reached * piety under Okawaru
  5797 | D:8      | Reached skill level 11 in Long Blades
  5972 | D:8      | Noticed a two-headed ogre
  5993 | D:8      | Killed a two-headed ogre
  5993 | D:8      | Reached ** piety under Okawaru
  5994 | D:8      | Reached XP level 10. HP: 36/76 MP: 10/10
  6456 | D:9      | Found Copseh's Magic Scroll Boutique.
  6516 | D:9      | Reached skill level 5 in Armour
  6648 | D:9      | Bought a scroll of teleportation for 33 gold pieces
  6648 | D:9      | Bought a scroll of identify for 22 gold pieces
  6648 | D:9      | Bought a scroll of identify for 22 gold pieces
  6648 | D:9      | Bought a scroll of identify for 22 gold pieces
  6648 | D:9      | Bought a scroll of teleportation for 33 gold pieces
  6794 | D:9      | Reached skill level 12 in Long Blades
  6809 | D:9      | Noticed a boulder beetle
  6817 | D:9      | Killed a boulder beetle
  6817 | D:9      | Reached *** piety under Okawaru
  6818 | D:9      | Found Furrodef's Jewellery Emporium.
  6992 | D:9      | Bought a ring of poison resistance for 240 gold pieces
  7034 | D:9      | Noticed a two-headed ogre
  7042 | D:9      | Found a staircase to the Orcish Mines.
  7042 | D:9      | Found Vuotua's Weapon Shoppe.
  7060 | D:9      | Noticed a two-headed ogre
  7072 | D:9      | Killed a two-headed ogre
  7072 | D:9      | Reached **** piety under Okawaru
  7303 | D:9      | Gained mutation: You have a pair of small antennae on your
                  | head. [potion of mutation]
  7303 | D:9      | Gained mutation: Your flesh is cold resistant. (rC+)
                  | [potion of mutation]
  7303 | D:9      | Lost mutation: You have a pair of small antennae on your
                  | head. [potion of mutation]
  7347 | D:9      | Lost mutation: Your flesh is cold resistant. (rC+) [potion
                  | of mutation]
  7347 | D:9      | Gained mutation: Your flesh is heat resistant. (rF+)
                  | [potion of mutation]
  7347 | D:9      | Gained mutation: Your muscles are strong. (Str +4, Int/Dex
                  | -1) [potion of mutation]
  7350 | D:9      | Lost mutation: Your muscles are strong. (Str +4, Int/Dex
                  | -1) [potion of mutation]
  7350 | D:9      | Lost mutation: Your flesh is heat resistant. (rF+) [potion
                  | of mutation]
  7350 | D:9      | Gained mutation: You are occasionally teleported next to
                  | monsters. [potion of mutation]
  7350 | D:9      | Gained mutation: You have a pair of small horns on your
                  | head. [potion of mutation]
  7350 | D:9      | Gained mutation: Your flesh is cold resistant. (rC+)
                  | [potion of mutation]
  7375 | D:9      | Reached XP level 11. HP: 76/83 MP: 11/11
  7376 | D:9      | Noticed a two-headed ogre
  7377 | D:9      | a two-headed ogre changed into a water nymph
  7392 | D:9      | a two-headed ogre changed into a salamander
  7392 | D:9      | Noticed a salamander
  7400 | D:9      | Killed a salamander
  7400 | D:9      | Received a gift from Okawaru
  7495 | D:9      | Noticed an orange crystal statue
  8166 | D:10     | Entered Level 10 of the Dungeon
  8613 | D:10     | Reached ***** piety under Okawaru
  8696 | D:10     | Reached skill level 13 in Long Blades
  8768 | D:10     | Found a staircase to the Lair.
  8775 | Lair:1   | Entered Level 1 of the Lair of Beasts
  8856 | Lair:1   | Found a runed translucent door.
  8856 | Lair:1   | Noticed frustrationSimulator's ghost (journeyman SpCj)
  9331 | Lair:1   | Reached skill level 1 in Invocations
  9340 | Lair:1   | Reached XP level 12. HP: 29/92 MP: 12/12
  9349 | Lair:1   | Identified the +2 pair of gloves of the Other Side {Dex+3}
                  | (Okawaru gifted it to you on level 1 of the Lair of Beasts)
  9349 | Lair:1   | Received a gift from Okawaru
  9617 | Lair:1   | Reached skill level 14 in Long Blades
 10457 | Lair:1   | Killed frustrationSimulator's ghost
 10484 | Lair:1   | Lost mutation: You are occasionally teleported next to
                  | monsters. [potion of mutation]
 10484 | Lair:1   | Lost mutation: You have a pair of small horns on your head.
                  | [potion of mutation]
 10484 | Lair:1   | Gained mutation: You have a pair of small horns on your
                  | head. [potion of mutation]
 10484 | Lair:1   | Gained mutation: Armour fits poorly on your strangely
                  | shaped body. [potion of mutation]
 10484 | Lair:1   | Gained mutation: You are partially covered in large bone
                  | plates. (SH +4) [potion of mutation]
 10530 | Lair:2   | Noticed a four-headed hydra
 10533 | Lair:2   | a four-headed hydra changed into a spark wasp
 10533 | Lair:2   | Noticed a spark wasp
 10541 | Lair:2   | Killed a spark wasp
 10614 | Lair:2   | Found a staircase to the Snake Pit.
 11633 | Lair:2   | Found a staircase to the Shoals.
 11751 | Lair:2   | Reached skill level 1 in Shields
 11852 | Lair:2   | Noticed Urug
 11857 | Lair:2   | Urug changed into Urug the lindwurm
 11857 | Lair:2   | Noticed Urug
 11864 | Lair:2   | Killed Urug the lindwurm
 11887 | Lair:2   | Reached XP level 13. HP: 97/103 MP: 14/14
 11913 | Lair:2   | Reached skill level 10 in Fighting
 12042 | Lair:2   | Identified the +3 sling of Extremism {drain, Str+3}
 12362 | Shoals:1 | Entered Level 1 of the Shoals
 12362 | Shoals:1 | Noticed a merfolk impaler
 12384 | Shoals:1 | Killed a merfolk impaler
 12548 | Shoals:1 | Noticed a merfolk impaler
 13065 | Shoals:2 | Noticed a merfolk impaler
 13175 | Shoals:1 | Noticed a merfolk impaler
 13175 | Shoals:1 | Noticed a merfolk impaler
 13175 | Shoals:1 | Noticed a merfolk impaler
 13175 | Shoals:1 | Noticed Josephine
 13176 | Shoals:1 | Killed from afar by a merfolk aquamancer

Illustrated notes

Levels and vault maps discovered:
D:1:      minmay_arrival_arboretum_small, layout_basic, grunt_decor_junction
D:2:      layout_rooms, chequers_serial_rivers_large_b
D:3:      layout_loops_ring, mainiacjoe_overflow_boulevard,
          nicolae_vehumet_radiance, cheibriados_altar_1, hex_large
D:4:      layout_gridville, nicolae_hepliaklqana_monster_ancestors,
          nicolae_overflow_hidden_temple, serial_park_tiny_1,
          minmay_misc_feat_diagonals, roderic_serpentine_path,
          hangedman_feature_mirror, corner_web_ring, uniq_blork_the_orc
D:5:      layout_basic, mainiacjoe_overflow_paths, uniq_grinder
D:6:      cheibrodos_two_vegetables, layout_gridville,
          grunt_temple_overflow_open, minmay_temple_entry_arrows
D:7:      layout_basic, minitemple
D:8:      layout_loops_ring
D:9:      wad_river_or_something, layout_cross, orc_david_3, serial_shops, shop,
          shop, minmay_protected_statue
D:10:     layout_rooms, hellmonk_lair_entry_icy, library_closet
Lair:1:   layout_regular_city, nicolae_volcano_entry_s_turn,
          hellmonk_ghost_happy_afterlife, hangedman_lair_unloving_vines,
          kennysheep_abandoned_house
Lair:2:   layout_misc_corridors, shoals_dummy_entry,
          minmay_snake_entry_six_corridors, infiniplex_staircase_pool_2,
          uniq_urug
Shoals:1: layout_shoals, nicolae_shoals_circle_sea_wall,
          nicolae_shoals_cliffside_cave, nicolae_shoals_water_booths,
          uniq_josephine
Shoals:2: layout_shoals, uniq_polyphemus

Skill      XL: |  1  2  3  4  5  6  7  8  9 10 11 12 13 |
---------------+----------------------------------------+-----
Long Blades    | 4 5 6 7 9 11 12 13 14 | 14.9
Armour         | 1 2 3 4 5 7 8 |  8.6
Stealth        | 1 2 3 5 6 8 9 |  9.3
Dodging        | 5 6 7 8 |  8.6
Fighting       | 3 4 5 6 8 9 10 | 10.2
Evocations     | 2 3 4 |  4.5
Invocations    | 1 2 |  2.4
Shields        | 1 |  1.1
Throwing       | |  2.6

Action                     |  1- 3 |  4- 6 |  7- 9 | 10-12 | 13-15 || total
---------------------------+-------+-------+-------+-------+-------++-------
  Melee: Long sword        |    88 |    52 |       |       |       ||   140
         Tailslap          |     1 |       |     4 |       |     3 ||     8
         Punch             |     1 |     1 |     3 |    13 |       ||    18
         Falchion          |       |    56 |   147 |   486 |    80 ||   769
         Headbutt          |       |       |       |   116 |    24 ||   140
  Throw: Javelin           |       |     3 |       |     1 |     5 ||     9
 Invoke: Heroism           |       |       |       |     9 |     2 ||    11
         Finesse           |       |       |       |     2 |     1 ||     3
  Evoke: Wand              |       |       |    12 |    34 |       ||    46
    Use: Scroll            |     8 |     4 |     5 |    17 |     5 ||    39
         Potion            |       |     2 |       |    18 |     3 ||    23
   Stab: Sleeping          |     1 |     4 |     1 |     4 |       ||    10
         Paralysed         |       |       |    12 |     9 |       ||    21
         Distracted        |       |       |       |     1 |       ||     1
         Invisible         |       |       |       |       |     1 ||     1
 Armour: Leather armour    |    26 |    39 |       |       |       ||    65
         Scale mail        |       |    12 |    49 |    22 |       ||    83
         Chain mail        |       |       |       |   232 |    22 ||   254
  Dodge: Dodged            |    82 |    79 |    59 |   359 |    61 ||   640
  Block: Other             |       |       |       |    19 |    15 ||    34
